 Dungeon Crawl Stone Soup version 0.15-a0-35-ga771cbd (webtiles) character file.

136 4tharraofdagon the Ruffian (level 4, -17/44 HPs)
             Began as a Troll Monk on Apr 2, 2014.
             Was a Believer of Okawaru.
             Demolished by a gnoll
             ... wielding a +0,+1 whip of electrocution
              (19 damage)
             ... on Level 3 of the Dungeon.
             The game lasted 00:02:44 (526 turns).

4tharraofdagon the Ruffian (Troll Monk)              Turns: 526, Time: 00:02:44

HP -17/44        AC  5     Str 19      XL: 4   Next: 24%
MP   2/2         EV 10     Int  7      God: Okawaru [**....]
Gold 52          SH  0     Dex 12      Spells:  0 memorised,  3 levels left

rFire  . . .     SeeInvis .       - Unarmed
rCold  . . .     Clarity  .     a - +0 robe
rNeg   . . .     Conserve .     (shield restricted)
rPois  .         rCorr    .     (helmet restricted)
rElec  .         rRot     .     (no cloak)
SustAb . .       Spirit   .     (gloves unavailable)
rMut   .         Warding  .     (boots unavailable)
Gourm  +         Stasis   .     (no amulet)
MR     .....                    (no ring)
                                (no ring)

@: not resistant to hostile enchantments, unstealthy
A: unfitting armour, claws 3, fast metabolism 3, gourmand, regeneration 2,
saprovore 2, shaggy fur 1, tough skin 2
a: Heroism, Renounce Religion


You were on level 3 of the Dungeon.
You worshipped Okawaru.
Okawaru was pleased with you.
You were very full.

You visited 1 branch of the dungeon, and saw 3 of its levels.

You collected 52 gold pieces.

Inventory:

Hand weapons
 e - a +1,+1 whip of holy wrath
Missiles
 c - 21 darts (quivered)
Armour
 a - a +0 robe (worn)
Comestibles
 b - 2 meat rations
 f - a bread ration
Scrolls
 g - a scroll of blinking {unknown}
 h - a scroll of teleportation {unknown}
Potions
 d - a potion of heal wounds
 i - a potion of curing {unknown}


   Skills:
 - Level 2.4 Fighting
 + Level 1.0 Armour
 - Level 2.4 Dodging
 - Level 1.1 Stealth
 * Level 5.1 Unarmed Combat
 + Level 1.5 Invocations


You had 3 spell levels left.
You didn't know any spells.

Dungeon Overview and Level Annotations

Branches:
Dungeon (3/15)

Altars:
Okawaru
Sif Muna


Innate Abilities, Weirdness & Mutations

You are too large for most types of armour.
You have claws for hands.
Your metabolism is lightning-fast.
You like to eat raw meat.
You heal very quickly.
You can eat rotten meat.
You are covered in fur (AC +1).
You have very tough skin (AC +2).


Message History

The gnoll barely misses you!
You eviscerate the gnoll!
The gnoll is severely wounded!
The gnoll hits you but does no damage!
You are electrocuted!!!
* * * LOW HITPOINT WARNING * * *
You are too injured to fight recklessly!!!
You are too injured to fight recklessly!!!
You are too injured to fight recklessly!!!
You are too injured to fight recklessly!!!
You closely miss the gnoll!
The gnoll is severely wounded!
The gnoll hits you with a whip of electrocution!
* * * LOW HITPOINT WARNING * * *
Unknown command!
You closely miss the gnoll!
The gnoll is severely wounded!
The gnoll hits you with a whip of electrocution!
* * * LOW HITPOINT WARNING * * *
You are electrocuted!!!
You die!!!

)........# #.....#
#........# #.....#
#.(......##### #.....#
#........'...###...(.#
#........###...'.....#
#........# #####.....#
###+###### ##..####
##..#######
#..@......# ##+######
#..g......# #
#.......# #.........#
###.......#
#.........#
..'.......+
..........#
###.......#
##......... #.....>.#
#........ ####'####
#......( ###.# #.#


You could see a gnoll (bleeding).

Vanquished Creatures
  3 adders
  3 gnolls (D:3)
  A worm (D:3)
  3 orcs (D:3)
  A giant cockroach (D:3)
  A hobgoblin (D:2)
  5 bats
  2 giant newts
  2 goblins (D:3)
  5 kobolds
26 creatures vanquished.

Notes
Turn   | Place    | Note
--------------------------------------------------------------
     0 | D:1      | 4tharraofdagon, the Troll Monk, began the quest for the Orb.
     0 | D:1      | Reached XP level 1. HP: 22/22 MP: 1/1
   144 | D:3      | Found an iron altar of Okawaru.
   152 | D:3      | Became a worshipper of Warmaster Okawaru
   152 | D:3      | Acquired Okawaru's first power
   164 | D:3      | Reached XP level 2. HP: 27/29 MP: 1/1
   253 | D:3      | Found a deep blue altar of Sif Muna.
   352 | D:2      | Reached skill level 1 in Invocations
   352 | D:2      | Reached XP level 3. HP: 36/36 MP: 2/2
   480 | D:3      | Reached skill level 1 in Armour
   480 | D:3      | Reached skill level 5 in Unarmed Combat
   480 | D:3      | Reached XP level 4. HP: 34/44 MP: 0/2
   526 | D:3      | HP: 2/44 [gnoll/whip of electrocution (5)]
   526 | D:3      | Demolished by a gnoll

Action                   |  1- 3 |  4- 6 || total
-------------------------+-------+-------++-------
Melee: Unarmed           |    65 |     8 ||    73
Invok: Heroism           |     1 |       ||     1
  Use: Potion            |     2 |       ||     2
 Stab: Sleeping          |     1 |       ||     1
